Cogmind - Beta 15 @@@ ROGUE MODE // 2025.09.08 @ 04:41:34 // Winter2019/RPGLIKE Player: Toaster Result: Destroyed by G-50 Soldier with Heavy Laser Performance ------------- Evolutions (5) 2500 Regions Visited (6) 1200 Robots Destroyed (84) 420 Value Destroyed (2989) 2989 Prototype IDs (24) 480 Alien Tech Used (0) 0 Bonus (300) 300 TOTAL SCORE: 7889 Bonus ------- Registered with UFD 300 Cogmind --------- Core Integrity 0/1950 Matter 300/300 Energy 290/290 System Corruption 0% Temperature Cool (39) Movement Walking (130) Location -5/Upper Caves Parts ------- > --- POWER (1) -------- Improved Deuterium Engine > --- PROPULSION (3) --- Improved Titanium Leg Makeshift Leg Flexi-carbon Leg > --- UTILITY (5) ------ Actuator Array A0-MCA's Component Scanner System Restoration Module > --- WEAPON (5) ------- Hammer Hammer Mace Heavy Mace Companion Sword > --- INVENTORY (1) ---- Microactuators Peak State ------------ > --- POWER ------------ Improved Deuterium Engine > --- PROPULSION ------- Improved Titanium Leg Makeshift Leg Flexi-carbon Leg > --- UTILITY ---------- Actuator Array Enhanced Scrap Shield A0-MCA's Component Scanner System Restoration Module > --- WEAPON ----------- Hammer Hammer Mace Heavy Mace Companion Sword > --- INVENTORY -------- Microactuators [Rating: 58] Favorites ----------- Power Improved Deuterium Engine Engine Improved Deuterium Engine Propulsion Improved Aluminum Leg Leg Improved Aluminum Leg Utility Medium Armor Plating Device Actuator Array Processor A0-MCA's Component Scanner Protection Medium Armor Plating Weapon Hammer Energy Gun Medium Laser Energy Cannon Beam Cannon Ballistic Gun Assault Rifle Launcher Subdweller Shrapnel Launcher Impact Weapon Hammer Slashing Weapon Mining Claw Build | -11 -10 -10 -7 -7 -5 -5 ------- Run | Yrd Mat Sub Rec Scr Fac Upp Slots Evolved 10 | 2 4 1 . 2 1 . Power . | . . . . . . . Propulsion 2 | 1 1 . . . . . Utility 4 | . 2 . . 1 1 . Weapon 4 | 1 1 1 . 1 . . Parts Attached 44 | 4 14 3 7 9 6 1 Power 3 | 1 1 . 1 . . . Engine 3 | 1 1 . 1 . . . Core . | . . . . . . . Reactor . | . . . . . . . Propulsion 8 | 1 3 . 2 1 1 . Treads . | . . . . . . . Leg 8 | 1 3 . 2 1 1 . Wheel . | . . . . . . . Hover . | . . . . . . . Flight . | . . . . . . . Utility 20 | . 5 1 3 5 5 1 Device 8 | . 2 . 2 3 1 . Storage . | . . . . . . . Processor 2 | . . . . . 2 . Hackware . | . . . . . . . Protection 10 | . 3 1 1 2 2 1 Artifact . | . . . . . . . Weapon 13 | 2 5 2 1 3 . . Energy Gun 1 | . 1 . . . . . Energy Cannon 1 | . 1 . . . . . Ballistic Gun 2 | 2 . . . . . . Ballistic Cannon . | . . . . . . . Launcher 1 | . . 1 . . . . Special Weapon . | . . . . . . . Impact Weapon 4 | . 1 1 . 2 . . Slashing Weapon 4 | . 2 . 1 1 . . Piercing Weapon . | . . . . . . . Special Melee Weapon . | . . . . . . . Unidentified Prototypes 1 | . . . . 1 . . Parts Lost 2 | . . . . . 1 1 Power . | . . . . . . . Propulsion . | . . . . . . . Utility 2 | . . . . . 1 1 Weapon . | . . . . . . . Highest Loss Streak 1 | . . . . . 1 1 To Critical Strikes . | . . . . . . . Average Backups . | . . . 1 . . 1 Power . | . . . . . . . Propulsion . | . . . . . . . Utility . | . . . . . . 1 Weapon . | . . . 1 . . . Tool/Special . | . . . . . . . Unused Backups 4 | . 2 . . 1 . 1 Power . | . . . . . . . Propulsion 1 | . 1 . . . . . Utility 2 | . . . . 1 . 1 Weapon 1 | . 1 . . . . . Tool/Special . | . . . . . . . Average Slot Usage (%) 92 | . 88 93 89 91 99 91 Engine 9 | . 13 9 8 8 7 6 Leg 24 | . 22 27 26 25 21 21 Device 6 | . 8 . 5 6 13 14 Processor 1 | . . . . . 8 7 Protection 14 | . 16 20 12 13 12 7 Ballistic Gun 1 | . 9 . . . . . Impact Weapon 19 | . . 17 18 27 28 28 Slashing Weapon 12 | . 9 17 17 9 7 7 Peak Build Rating 58 | 4 17 19 28 43 56 58 Average Rating 29 | 3 10 17 24 34 52 57 On Entrance 23 | . 4 17 18 28 43 54 Naked Turns . | . . . . . . . Heaviest Build 46 | 8 34 46 43 43 43 43 Greatest Support 65 | 15 44 44 56 63 65 65 Greatest Overweight (x) 1 | . 1 1 1 . . . Average Overweight (x) . | . . . . . . . Largest Inventory Capacity 1 | 1 1 1 1 1 1 1 Average Capacity 1 | 1 1 1 1 1 1 1 Most Carried 1 | . 1 1 1 1 1 1 Average Carried . | . . . 1 . . 1 Final Capacity 1 | 1 1 1 1 1 1 1 Final Carried 1 | . 1 1 1 1 1 1 Class Distribution -------------------- 89% | Gladiator 10% | Mutant Dominant Class ---------------- Mutant | -10/Materials Gladiator | -10/Subcaves Gladiator | -7/Recycling Gladiator | -7/Scraptown Gladiator | -5/Factory Gladiator | -5/Upper Caves Resources | -11 -10 -10 -7 -7 -5 -5 ----------- Run | Yrd Mat Sub Rec Scr Fac Upp Matter Collected 1347 | 240 244 536 95 117 67 48 Remotely . | . . . . . . . Salvage Created 2927 | . 582 690 85 . 1253 317 Parts 134 | . 41 40 4 . 38 11 Haulers Intercepted 1 | . 1 . . . . . Recyclers Shooed . | . . . . . . . Parts Field Recycled . | . . . . . . . Retrieved Matter . | . . . . . . . Parts Self-Destructed 17 | . . 10 . . . 7 Prevented 3 | . . . . . . 3 Kills | -11 -10 -10 -7 -7 -5 -5 ------- Run | Yrd Mat Sub Rec Scr Fac Upp Combat Hostiles Destroyed 73 | . 12 25 2 . 25 9 Melee 38 | . 3 11 2 . 16 6 Guns 6 | . 6 . . . . . Cannons 4 | . 3 . . . 1 . AOE 8 | . . 8 . . . . Classes Destroyed 13 | . 8 2 1 . 2 . Worker 1 | . 1 . . . . . Builder 1 | . 1 . . . . . Tunneler 1 | . 1 . . . . . Hauler 1 | . 1 . . . . . Recycler 2 | . 1 . . . 1 . Turret 1 | . . 1 . . . . Watcher 4 | . 3 . . . 1 . Swarmer 22 | . 3 9 . . 4 6 Grunt 22 | . 9 . . . 11 2 Brawler 3 | . . . . . 2 1 Sentry 5 | . . . 2 . 3 . Programmer 5 | . . . . . 5 . Subdweller 16 | . . 16 . . . . Best Kill Streak 5 | . 3 5 1 . 4 4 Combat Bots Only 5 | . 3 5 1 . 3 4 Max Kills in Single Turn 2 | . 2 2 1 . 1 1 Gunslinging 1 | . 1 . . . . . Exploded 2 | . . 2 . . . . Melee 2 | . 1 2 1 . 1 1 Uniques/NPCs Destroyed . | . . . . . . . Combat | -11 -10 -10 -7 -7 -5 -5 -------- Run | Yrd Mat Sub Rec Scr Fac Upp Hostile Shots Fired 542 | . 67 161 63 . 156 95 Missed 168 | . 19 49 25 . 52 23 Hits 374 | . 48 112 38 . 104 72 Melee 9 | . . . . . 7 2 Projectile 365 | . 48 112 38 . 97 70 AOE 4 | . . 4 . . . . Critical Strikes 13 | . 1 5 . . 4 3 Part Disruptions 1 | . . . . . 1 . Damage Taken 6310 | . 587 1979 286 . 2062 1396 Core 3940 | . 436 1049 145 . 1399 911 Absorbed by Shields . | . . . . . . . Redirected to Core 3350 | . 335 926 100 . 1214 775 Ignored by Resistances 88 | . . . . . 88 . Regen/Repaired (Parts) 522 | . . . . 522 . . Core Remaining (%) 67 | 100 . . . 34 . . Volleys Fired 50 | . 31 19 . . . . Largest 2 | . 2 1 . . . . Hottest 80 | . 80 40 . . . . Shots Fired 81 | . 62 19 . . . . Gun 46 | . 46 . . . . . Cannon 16 | . 16 . . . . . Launcher 19 | . . 19 . . . . Special . | . . . . . . . Kinetic 54 | . 35 19 . . . . Thermal 27 | . 27 . . . . . Explosive . | . . . . . . . Electromagnetic . | . . . . . . . Robot Hit Streak 7 | . 7 3 . . . . Robot Miss Streak 4 | . 4 3 . . . . Penetration Max . | . . . . . . . Secondary Targets 2 | . 2 . . . . . Max Gunslinging Chain 1 | . 1 . . . . . Shots Hit Robots 326 | . 51 93 13 . 129 40 Core Hits 97 | . 26 34 4 . 26 7 Critical Kills 6 | . . 1 . . 3 2 Critical Parts Destroyed 31 | . . 8 . . 18 5 Critical Strikes 41 | . 1 11 1 . 21 7 Burn 1 | . 1 . . . . . Smash 39 | . . 11 . . 21 7 Sever 1 | . . . 1 . . . Melee Attacks 388 | . 14 130 16 . 176 52 Impact 254 | . 2 86 4 . 130 32 Slashing 134 | . 12 44 12 . 46 20 Piercing . | . . . . . . . Sneak Attacks 16 | . 5 4 3 . 4 . Combat Hostiles 6 | . . 2 3 . 1 . Follow-up Attacks 128 | . 1 29 6 . 64 28 Damage Inflicted 10830 | . 947 3534 369 . 4744 1236 Guns 333 | . 333 . . . . . Cannons 194 | . 194 . . . . . Explosions 1336 | . . 1336 . . . . Melee 8959 | . 412 2198 369 . 4744 1236 Ramming 8 | . 8 . . . . . Kinetic 1572 | . 236 1336 . . . . Thermal 291 | . 291 . . . . . Explosive . | . . . . . . . Electromagnetic . | . . . . . . . Impact 5884 | . 131 1597 90 . 3365 701 Slashing 3075 | . 281 601 279 . 1379 535 Piercing . | . . . . . . . Highest Corruption 1 | . 1 1 1 . 1 . Average Corruption 1 | . 1 1 1 . 1 . Corruption Purged 1 | . . . . . 1 . Corruption Blocked 8 | . . . . . 8 . Effects 38 | . 8 16 6 . 8 . Message Errors 11 | . 1 7 2 . 1 . Matter Fused 11 | . 1 4 3 . 3 . Heat Flow Errors 3 | . 1 2 . . . . Energy Discharges 4 | . 2 1 . . 1 . Parts Rejected 1 | . . . . . 1 . Data Loss (minor) 5 | . 3 2 . . . . Data Loss (major) 1 | . . . . . 1 . Alerts 2 | . . . 1 . 1 . Overload Shots . | . . . . . . . Overflow Damage 1652 | . 71 433 . . 964 184 Projectiles 26 | . . . . . 26 . Explosions 64 | . . 64 . . . . Melee 1562 | . 71 369 . . 938 184 Knockbacks 51 | . 2 20 . . 29 . Impact 48 | . 2 20 . . 26 . Kinetic . | . . . . . . . Secondary 3 | . . . . . 3 . Self-Inflicted Damage 40 | . . 40 . . . . Shots 2 | . . 2 . . . . Rammed . | . . . . . . . Targets Rammed 1 | . 1 . . . . . Kicked 1 | . 1 . . . . . Crushed . | . . . . . . . Highest Temperature 282 | . 183 282 5 . 18 31 Average Temperature 68 | . 62 126 5 . 3 11 Received Heat Transfer 1978 | . 303 925 84 . 369 297 Siege Activations . | . . . . . . . Martial Activations . | . . . . . . . Shielding Activations . | . . . . . . . Robots Disrupted 1 | . . . . . 1 . Combat Hostiles 1 | . . . . . 1 . Robots Corrupted 18 | . 1 6 . . 8 3 Combat Hostiles 17 | . . 6 . . 8 3 Parts Fried 16 | . 3 6 . . 6 1 Impact Corruptions 64 | . 2 17 . . 35 10 Robots Melted . | . . . . . . . Combat Hostiles . | . . . . . . . Parts Melted 5 | . 4 . . . 1 . Heat Transferred 777 | . 777 . . . . . Parts Sabotaged . | . . . . . . . Parts Stolen . | . . . . . . . Parts Stripped . | . . . . . . . Power Chain Reactions . | . . . . . . . Alert | -11 -10 -10 -7 -7 -5 -5 ------- Run | Yrd Mat Sub Rec Scr Fac Upp Maximum Alert Level 1 | . . . . . 1 . Low Security (%) 89 | 100 100 . 100 . 62 . Level 1 10 | . . . . . 37 . Level 2 . | . . . . . . . Level 3 . | . . . . . . . Level 4 . | . . . . . . . Level 5 . | . . . . . . . High Security . | . . . . . . . Max Security . | . . . . . . . Peak Influence 320 | . 94 . 114 . 320 . Initial 104 | . . . 104 . . . Average 57 | . 24 . 26 . 136 . Influence Increases 1955 | . 393 385 237 . 660 280 Destroy 0b10 Robot/C 1160 | . 240 200 40 . 500 180 Destroy 0b10 Robot/NC 50 | . 40 . . . 10 . Destroy Leader 200 | . 68 20 . . 102 10 Successful Hack 76 | . 15 . 47 . 14 . Select Force Hacks 180 | . 30 . 150 . . . Destroy Structure 4 | . . . . . 4 . Partial Spotted 15 | . . . . . 15 . Lose Combat Pursuer 270 | . . 165 . . 15 90 Influence Decreases 1814 | . 355 205 371 84 394 405 Entered New Map 316 | . . 19 114 84 . 99 Time Decay 1478 | . 355 186 257 . 384 296 Lost Part 20 | . . . . . 10 10 Squads Dispatched 7 | . 2 . . . 5 . Investigation 2 | . 2 . . . . . Extermination 2 | . . . . . 2 . Reinforcement . | . . . . . . . Assault . | . . . . . . . Garrison 3 | . . . . . 3 . Intercept . | . . . . . . . Searches Triggered . | . . . . . . . Construction Impeded . | . . . . . . . Haulers Reinforced . | . . . . . . . Active Scanning Responses . | . . . . . . . Cargo Convoy Interrupts . | . . . . . . . Stealth | -11 -10 -10 -7 -7 -5 -5 --------- Run | Yrd Mat Sub Rec Scr Fac Upp Distress Signals . | . . . . . . . Communications Jammed . | . . . . . . . Distress Signals . | . . . . . . . Times Spotted 99 | . 17 33 2 . 27 20 Peak Tracking Total 7 | . 3 4 1 . 3 7 Tactical Retreats 10 | . . 5 . . 1 4 Traps | -11 -10 -10 -7 -7 -5 -5 ------- Run | Yrd Mat Sub Rec Scr Fac Upp Traps Triggered 1 | . 1 . . . . . Indirectly . | . . . . . . . Trap Hack Attempts . | . . . . . . . Triggered . | . . . . . . . Disarmed . | . . . . . . . Reprogrammed . | . . . . . . . Reused . | . . . . . . . Traps Extracted . | . . . . . . . Installed . | . . . . . . . Triggered . | . . . . . . . Machines | -11 -10 -10 -7 -7 -5 -5 ---------- Run | Yrd Mat Sub Rec Scr Fac Upp Machines Disabled 2 | . . 2 . . . . Max in Single Turn 1 | . . 1 . . . . Machines Repaired . | . . . . . . . Machines Dismantled . | . . . . . . . Machines Sabotaged . | . . . . . . . Overloaded Fab Kills . | . . . . . . . Hacking | -11 -10 -10 -7 -7 -5 -5 --------- Run | Yrd Mat Sub Rec Scr Fac Upp Machines Accessed 28 | . 8 2 11 4 3 . Terminals 16 | . 7 . 6 . 3 . Fabricators . | . . . . . . . Repair Stations . | . . . . . . . Recycling Units 6 | . 1 . 5 . . . Scanalyzers . | . . . . . . . Garrison Access . | . . . . . . . Total Hacks 66 | . 17 6 25 13 5 . Successful 48 | . 10 6 17 13 2 . Failed 18 | . 7 . 8 . 3 . Catastrophic 1 | . . . . . 1 . Database Lockouts . | . . . . . . . Manual 34 | . 14 . 17 . 3 . Terminals 32 | . 16 . 11 . 5 . Fabricators . | . . . . . . . Repair Stations . | . . . . . . . Recycling Units 15 | . 1 . 14 . . . Scanalyzers . | . . . . . . . Garrison Access . | . . . . . . . Terminal Hacks 22 | . 2 6 1 13 . . Record 10 | . . 5 . 5 . . Robot Analysis 6 | . . . . 6 . . Prototype ID Bank 2 | . 1 . 1 . . . Open Door 1 | . . . . 1 . . Locate Traps 1 | . 1 . . . . . Proto ID Catalog 2 | . . 1 . 1 . . Fabricator Hacks . | . . . . . . . Repair Station Hacks . | . . . . . . . Recycling Unit Hacks 6 | . . . 6 . . . Report Inventory 5 | . . . 5 . . . Retrieve Components 1 | . . . 1 . . . Scanalyzer . | . . . . . . . Garrison Access Hacks . | . . . . . . . Unauthorized Hacks 20 | . 8 . 10 . 2 . Terminals 14 | . 7 . 5 . 2 . Botnet 13 | . 7 . 4 . 2 . Sabotage 1 | . . . 1 . . . Fabricators . | . . . . . . . Repair Stations . | . . . . . . . Recycling Units 6 | . 1 . 5 . . . Tunnel 6 | . 1 . 5 . . . Scanalyzers . | . . . . . . . Garrison Access . | . . . . . . . Data Cores Recovered . | . . . . . . . Used . | . . . . . . . Hacking Detections 14 | . 4 . 8 . 2 . Full Trace Events 2 | . 2 . . . . . Feedback Events . | . . . . . . . Feedback Blocked . | . . . . . . . Robot Schematics Acquired . | . . . . . . . Robots Built . | . . . . . . . Authchips . | . . . . . . . Time . | . . . . . . . Total Robot Build Rating . | . . . . . . . Part Schematics Acquired . | . . . . . . . Parts Built . | . . . . . . . Authchips . | . . . . . . . Time . | . . . . . . . Total Part Build Rating . | . . . . . . . Parts Repaired . | . . . . . . . Time . | . . . . . . . Parts Recycled . | . . . . . . . Recycled Matter . | . . . . . . . Retrieved Matter . | . . . . . . . Retrieved Components 10 | . . . 10 . . . Parts Scanalyzed . | . . . . . . . Part Schematics Acquired . | . . . . . . . Parts Damaged . | . . . . . . . Bothacking | -11 -10 -10 -7 -7 -5 -5 ------------ Run | Yrd Mat Sub Rec Scr Fac Upp Used RIF Installer . | . . . . . . . Robots Hacked . | . . . . . . . Non-combat . | . . . . . . . Combat . | . . . . . . . Robot Hacks Applied . | . . . . . . . Relay Couplers Released . | . . . . . . . Fabnet Peak Effective % . | . . . . . . . Robots Rewired . | . . . . . . . Allies Hacked . | . . . . . . . Hacks Repelled . | . . . . . . . Allies | -11 -10 -10 -7 -7 -5 -5 -------- Run | Yrd Mat Sub Rec Scr Fac Upp Total Allies . | . . . . . . . Largest Group . | . . . . . . . Highest-Rated Group . | . . . . . . . Highest-Rated Ally . | . . . . . . . Total Orders . | . . . . . . . Ally Attacks . | . . . . . . . Total Damage . | . . . . . . . Kills . | . . . . . . . Allies Corrupted . | . . . . . . . Allies Melted . | . . . . . . . Intel | -11 -10 -10 -7 -7 -5 -5 ------- Run | Yrd Mat Sub Rec Scr Fac Upp Active Infowar (turns) 663 | . 661 . . 2 . . Traps 2 | . . . . 2 . . Seismic 661 | . 661 . . . . . Robot Analysis Total 6 | . . . . 6 . . Derelict Logs Recovered 4 | . . 1 . 2 . 1 Drone Launches . | . . . . . . . Drone Recoveries . | . . . . . . . Exploration | -11 -10 -10 -7 -7 -5 -5 ------------- Run | Yrd Mat Sub Rec Scr Fac Upp Turns Passed 11146 | 50 1936 2446 1636 2461 1500 1117 Spaces Moved 7846 | 45 1395 1689 1212 1899 819 787 Core 13 | 13 . . . . . . Treads . | . . . . . . . Legs 7833 | 32 1395 1689 1212 1899 819 787 Wheels . | . . . . . . . Hover . | . . . . . . . Flight . | . . . . . . . Fastest Speed 50 | 50 120 120 120 123 130 130 Average Speed 124 | 99 120 120 121 128 130 130 Slowest Speed 190 | 120 190 190 190 130 135 130 Overloaded Moves . | . . . . . . . Propulsion Burnouts . | . . . . . . . Robots Hopped . | . . . . . . . Potential Cave-ins . | . . . . . . . Cave-ins Triggered . | . . . . . . . Exploration Rate (%) 66 | 3 97 83 92 86 18 87 Regions Visited 6 Branch Regions 4 Pre-discovered Areas 8 | . 1 . 5 1 . 1 Known Exits Taken 1 | . . . . . 1 . Unknown Exits Taken 5 | 1 1 1 1 1 . . Scrap Searched 18 | . . 8 . 9 . 1 Spaces Dug 4 | . . 2 . . 2 . Terrain Destroyed 200 | . . 198 . . 2 . Melee 4 | . . 2 . . 2 . Projectile . | . . . . . . . AOE 196 | . . 196 . . . . Terrain Rammed . | . . . . . . . Walls Destroyed . | . . . . . . . Machines Disabled . | . . . . . . . Actions | -11 -10 -10 -7 -7 -5 -5 --------- Run | Yrd Mat Sub Rec Scr Fac Upp Total 8702 | 48 1565 1902 1349 1917 1083 838 Wait 374 | . 76 48 108 . 123 19 Move 7840 | 44 1394 1688 1211 1898 818 787 Hop . | . . . . . . . Pick Up 9 | . 2 1 . 2 4 . Fast Attach 40 | 4 14 2 7 9 2 2 Attach 5 | . . 1 . . 4 . Detach 5 | . 1 1 . 1 2 . Swap 13 | . . 12 . . 1 . Drop 33 | . 10 3 7 7 3 3 Fire 50 | . 31 19 . . . . Melee 211 | . 13 84 9 . 83 22 Ram . | . . . . . . . Kick 1 | . 1 . . . . . Crush . | . . . . . . . Escape Stasis . | . . . . . . . Rewire . | . . . . . . . Trap . | . . . . . . . Miscellaneous 121 | . 23 43 7 . 43 5 Route ------- -11/Scrapyard -10/Materials (discovered 6 exits: [*Mat x3] / [*Min x2] / *Sub) -10/Subcaves (discovered 3 exits: [*Mat x2] / *Rec) -7/Recycling -7/Scraptown (discovered 2 exits: *Fac x2) -5/Factory (discovered 7 exits: Fac x3 / *Upp x2 / Ext x2) -5/Upper Caves (discovered 1 exit: [*Upp]) History --------- Turn | Location | Event 1 | -11/Scrapyard | Upgraded with Propulsion slot (x1) 1 | -11/Scrapyard | Upgraded with Weapon slot (x1) 15 | -11/Scrapyard | Discovered new exit (range 15) 51 | -11/Scrapyard | Entered Materials 219 | -10/Materials | Discovered new exit (range 6) 308 | -10/Materials | Build established: Mutant 456 | -10/Materials | Discovered new exit (range 12) 544 | -10/Materials | Discovered new exit (range 6) 691 | -10/Materials | Upgraded with Utility slot (x1) 777 | -10/Materials | Discovered new exit (range 11) 803 | -10/Materials | Upgraded with Utility slot (x1) 1336 | -10/Materials | Discovered new exit (range 9) 1487 | -10/Materials | Build established: Gladiator 1509 | -10/Materials | Discovered new exit (range 11) 1535 | -10/Materials | Reached level 2 1685 | -10/Materials | Upgraded with Propulsion slot (x1) 1685 | -10/Materials | Upgraded with Weapon slot (x1) 1987 | -10/Materials | Entered Subcaves 2004 | -10/Subcaves | Shifting Twisted Machinery released Sub. Shrapnel Launcher 2006 | -10/Subcaves | Shifting Twisted Machinery released Battle Rifle 2026 | -10/Subcaves | Reached level 3 2032 | -10/Subcaves | Upgraded with Weapon slot (x1) 2057 | -10/Subcaves | Shifting Twisted Machinery released Sub. Laser 2078 | -10/Subcaves | Discovered new exit (range 5) 2079 | -10/Subcaves | Shifting Twisted Machinery released Battle Cannon 2079 | -10/Subcaves | Shifting Twisted Machinery released Lgt. Humpback 2189 | -10/Subcaves | Visited 4L-MR0's lab 2252 | -10/Subcaves | Ambushed by Subdwellers from Twisted Machinery 2416 | -10/Subcaves | A swath of the cavern ceiling suddenly collapsed 2602 | -10/Subcaves | Disturbed a concealed Subdweller 3140 | -10/Subcaves | Learned Materials emergency access door positions 3346 | -10/Subcaves | Ambushed by Subdwellers from Twisted Machinery 3361 | -10/Subcaves | Core integrity fell below 50% 3469 | -10/Subcaves | Ambushed by Subdweller buried in earth 3788 | -10/Subcaves | Visited Clippyterm 3792 | -10/Subcaves | Learned Factory trap positions 3792 | -10/Subcaves | Learned 40 Factory zone layouts 3981 | -10/Subcaves | Disturbed a concealed Subdweller 4266 | -10/Subcaves | Discovered new exit (range 10) 4303 | -10/Subcaves | Discovered new exit (range 13) 4323 | -10/Subcaves | Core integrity fell below 20% 4433 | -10/Subcaves | Entered Recycling 4435 | -7/Recycling | Reached level 4 5546 | -7/Recycling | Scanned before Scraplab entrance 6054 | -7/Recycling | Entered Scraplab 6064 | -7/Recycling | Discovered new exit (range 4) 6069 | -7/Recycling | Entered Scraptown 6069 | -7/Scraptown | System corruption cleaned by C-Scrubber 6071 | -7/Scraptown | Reached level 5 6239 | -7/Scraptown | Visited UFD Registry 6239 | -7/Scraptown | Registered with UFD as "Flexispreader" 6322 | -7/Scraptown | Scanned Subdweller tech in exchange for log data 6325 | -7/Scraptown | Learned 8 Factory zone layouts 6327 | -7/Scraptown | Learned location of Quarantine (-2) 6504 | -7/Scraptown | Delivered Scrap Shield to a Scientist 6605 | -7/Scraptown | Visited Scrap Suit Storage 6643 | -7/Scraptown | Visited Analyses Database 6678 | -7/Scraptown | Visited Abandonware Association 6694 | -7/Scraptown | Learned abandonware demo "OVRCLOCK.EXE" 6704 | -7/Scraptown | Learned abandonware demo "KABOOM.EXE" 6704 | -7/Scraptown | Learned abandonware demo "REBOOT5.EXE" 6735 | -7/Scraptown | Visited Cartography Club 6756 | -7/Scraptown | Visited Botcube Research 6792 | -7/Scraptown | Visited LU-1G1's Boring Crew 6818 | -7/Scraptown | Visited Curators Association 6865 | -7/Scraptown | Visited Sword Containment 6886 | -7/Scraptown | Visited Science Guys 7024 | -7/Scraptown | Visited Awakened 7048 | -7/Scraptown | Visited Spacefarers 7185 | -7/Scraptown | Upgraded with Weapon slot (x1) 7368 | -7/Scraptown | Heard Great Nut preacher, LISTEN AND RECITE! 7497 | -7/Scraptown | Discovered new exit (range 13) 7598 | -7/Scraptown | Visited Assassins FH 7622 | -7/Scraptown | Visited Bundlers 7682 | -7/Scraptown | Upgraded with Utility slot (x1) 8004 | -7/Scraptown | Visited A0-MCA Data Center 8022 | -7/Scraptown | Given a B+ rating by A0-MCA 8025 | -7/Scraptown | Found A0-MCA's Component Scanner 8204 | -7/Scraptown | Discovered new exit (range 5) 8351 | -7/Scraptown | Visited CR-KLE's Repair Center 8364 | -7/Scraptown | CR-KLE repaired 12 parts 8530 | -7/Scraptown | Entered Factory 8531 | -5/Factory | Identified exit to Extension 8531 | -5/Factory | Identified exit to Upper Caves 8531 | -5/Factory | Identified exit to Factory 8531 | -5/Factory | Core integrity fell below 50% 8532 | -5/Factory | Loaded intel: 84 trap records 8532 | -5/Factory | Reached level 6 8534 | -5/Factory | Upgraded with Utility slot (x1) 9004 | -5/Factory | Core integrity fell below 20% 9133 | -5/Factory | Reached level 7 9432 | -5/Factory | Garrison activated, responded to threat 9637 | -5/Factory | Reached level 8 10030 | -5/Factory | Entered Upper Caves 10032 | -5/Upper Caves | UFD Scientist delivered a prototype 10035 | -5/Upper Caves | Found Enh. Scrap Shield 10233 | -5/Upper Caves | Learned location of Warlord (-5) 10269 | -5/Upper Caves | Reached level 9 11017 | -5/Upper Caves | Discovered new exit (range 15) 11110 | -5/Upper Caves | Attracted the attention of an 0b10 outpost 11147 | -5/Upper Caves | Destroyed by G-50 Soldier with Heavy Laser Last Messages --------------- 11129_ G-50 Soldier suffers critical hit (Smash). 11129_ Destroyed Carbon-fiber Leg. 11129_ G-50 Soldier system corrupted by crushing effect. 11129_ Hammer follow-up attack on G-50 Soldier. 11129_ G-50 Soldier destroyed. 11129_ Companion Sword follow-up attack on G-50 Soldier. 11130_ Enh. Scrap Shield destroyed. 11133_ Companion Sword follow-up attack on Y-72 Warden. 11134_ Penetrated by Slug. 11136_ Mace follow-up attack on Y-72 Warden. 11136_ Hammer follow-up attack on Y-72 Warden. 11136_ Companion Sword follow-up attack on Y-72 Warden. 11137_ Penetrated by Slug. 11137_ Slug penetrates Wall. 11140_ Mace follow-up attack on Y-72 Warden. 11143_ Critical hit (Burn: +37). 11143_ Mace follow-up attack on Y-72 Warden. 11143_ Hammer follow-up attack on Y-72 Warden. 11145_ Hvy. Mace follow-up attack on Y-72 Warden. 11146_ Critical hit (Burn: +37). Map ----- +----------------------------------------------------+ | ??????????????????????????# ### ## | | ??????????????????????????# ## | | ?????????????????# ?????# ### | | ?????????????????# ?????# ? ### | | ????????????????## #????# #?? #?# # | | ????????????????? #??## ### ### # | | ?????????????????? ### ## # | | ???????????????????# #?# | | ????????????????????# ### ##### # | | ??????????? ????????# # ## ##??# ## | | ???????????? #?????# # ##?##?# | | ???????????? ??## ##???# | | ??????????? ## ## ####### | | ???????????# ## ### ##?? | | ?????????????# ### #?## #?? | | ?????????????## ## ##?# #??# ###?? | | ???????????????????# ##ss##??## ### ##???? | | ????????????????? ??# ##???## #????? | | ??????????????? ???# #????### #????? | | ?????????????? ?????# #??????# ##???? | | ??????????????? ??????# #??????# ##??? | | ???????????????????????## #??????# ## # #### | | ????????????????????????# #??????# ## ## | | ??????????????????????### ##?????# ## ## | | ????????????????????###g = ### # ## #### | | ????????????????????# g @%% ### #??# | | ????????????????????# ####Y### ## ## #??# | | ????????????????????#??? %%l??###??## ?# ##??# | | ???????????????????????" ! g#???????#####?###???? | | ??????????????????????#" "#???????????????????? | | ??????????????????????#### "#???????????????????? | | ?????????????????????????+ "#???????????????????? | | ?????????????????????????# "#???????????????????? | | ?????????????????????????#####???????????????????? | | ?????????????????????????????????????????????????? | | ?????????????????????????????????????????????????? | | ?????????????????????????????????????????????????? | | ?????????????????????????????????????????????????? | | ?????????????????????????????????????????????????? | | ?????????????????????????????????????????????????? | | ?????????????????????????????????????????????????? | | ?????????????????????????????????????????????????? | | ?????????????????????????????????????????????????? | | ?????????????????????????????????????????????????? | | ?????????????????????????????????????????????????? | | | | | | | | | | | +----------------------------------------------------+ Best States ------------- Heat Dissipation 39 Energy Generation 16 Energy Capacity 290 Matter Stores 300 Matter Capacity 300 Sight Range 16 Terrain Scan Density 10 Corruption Block 15 Armor Coverage 1025 Resistance: TH 15 Evasion (%) 63 Offensive Hacking 10 Defensive Hacking 5 Item Schematics ----------------- None Robot Schematics ------------------ None Fabricated ------------ Nothing Repaired ---------- Nothing Alien Tech Used ----------------- None Achievements -------------- None Challenges ------------ None RPGLIKE | -11 -10 -10 -7 -7 -5 -5 --------- Run | Yrd Mat Sub Rec Scr Fac Upp Levels Raised 8 | . 1 1 1 1 3 1 XP Earned 15585 | 3000 1650 2100 2185 650 4550 1450 XP Spent 14735 | 1350 3100 1505 375 2605 4475 1325 Upgrades 44 | 4 5 5 5 3 17 5 Propulsion Slot 2 | 1 1 . . . . . Utility Slot 4 | . 2 . . 1 1 . Weapon Slot 4 | 1 1 1 . 1 . . Core Integrity 27 | . . 3 5 1 13 5 Mass Support 1 | 1 . . . . . . Inventory Capacity 1 | 1 . . . . . . Melee Accuracy 2 | . 1 1 . . . . Hack Attack % 2 | . . . . . 2 . Hack Defense % 1 | . . . . . 1 . Protomatter Created 876 | . 209 199 53 . 346 69 Integrity Restored 2231 | . 467 558 159 . 954 93 Core 1984 | . 383 395 159 . 954 93 Parts 247 | . 84 163 . . . . Protomatter Decayed 163 | . 3 99 . . . 61 Game ------ Seed ArchitectLauncherAutogun Manual? 0 Play Time 01:18:52 Cumulative 149.6 hours Start 2025.09.08 @ 03:24:08 End 2025.09.08 @ 04:41:34 Sessions 1 Manual Loads 0 Difficulty Rogue Special Mode Winter2019/RPGLIKE Game No. 66 Rogue 62 Adventurer 4 Explorer 0 Win Type - Total 3 Types 2/0/1/0/0/0/0/0/0/0 Lore% 62 Gallery% 49 Achievement% 53 Wizard Run 0 Options --------- Layout 0 ASCII 0 Keyboard 0 Movement Arrows Keybinds 0 Fullscreen 2 Font 32/SmallcapsGlow Map View 88x55 Zoom Use 0% Tactical HUD 1 Map Filters NONE Filters NONE Steam 1 RUN: 45670aa6-e789-429c-99ba-44e290871058